 Dungeon Crawl Stone Soup version 0.30-a0-1116-gebefce21f7 (webtiles) character file.

Game seed: 11955158400611341718

66 Twinkles the Chopper (level 3, -4/28 HPs)
             Began as a Demonspawn Gladiator on Apr 22, 2023.
             Slain by Pargi (6 damage)
             ... on level 3 of the Dungeon.
             The game lasted 00:04:22 (1939 turns).

Twinkles the Chopper (Demonspawn Gladiator)         Turns: 1939, Time: 00:04:23

Health: -4/28      AC:  7    Str: 16    XL:     3   Next: 96%
Magic:  3/3        EV: 10    Int:  9    God:
Gold:   144        SH:  0    Dex: 14    Spells: 2/2 levels left

rFire   . . .      SeeInvis .    a - +0 war axe
rCold   . . .      Faith    .    (no shield)
rNeg    . . .      Spirit   .    l - +0 scale mail
rPois   .          Reflect  .    c - +0 helmet
rElec   .          Rampage  .    (no cloak)
rCorr   .                        (no gloves)
Will    +....                    (no boots) Stlth
                                 (no amulet)
HPRegen 0.24/turn                g - ring of willpower
MPRegen 0.16/turn                k - ring of flight

@: flying
A: powered by death 1, magic regeneration
a: no special abilities


You were on level 3 of the Dungeon.
You visited 1 branch of the dungeon, and saw 3 of its levels.

You collected 144 gold pieces.

Inventory:

Hand Weapons
 a - a +0 war axe (weapon)
 j - a +1 flail of protection
Missiles
 d - 2 throwing nets (quivered)
 e - a javelin
 p - 5 poisoned darts
Armour
 b - a +0 leather armour
 c - a +0 helmet (worn)
 l - a +0 scale mail (worn)
Magical Staves
 i - a staff of cold
Jewellery
 g - a ring of willpower (left hand)
 k - a ring of flight (right hand)
Scrolls
 f - a scroll of magic mapping {unknown}
 h - a scroll of identify {unknown}
 n - a scroll of immolation {unknown}
 o - 4 scrolls of fog {unknown}
 q - a scroll of vulnerability {unknown}
 r - a scroll of torment {unknown}
 s - a scroll of teleportation {unknown}
Potions
 m - a potion of attraction {unknown}


   Skills:
 + Level 2.9 Fighting
 + Level 3.3 Axes
 - Level 1.7 Throwing
 + Level 0.1 Armour
 + Level 3.3 Dodging
 + Level 0.3 Translocations


You had 2 spell levels left.
You didn't know any spells.
Your spell library contained the following spells:

 Spells                   Type           Power      Damage    Failure   Level
 Blink                    Tloc           0%         N/A       91%         2
 Lesser Beckoning         Tloc           0%         N/A       91%         2
 Momentum Strike          Conj/Tloc      0%         3d8       92%         2


Dungeon Overview and Level Annotations

Branches:
Dungeon (3/15) Zot: 16014

Altars:

Annotations:
D:3 Grinder, Pargi


Innate Abilities, Weirdness & Mutations

You regenerate a little health from kills.
You regenerate magic rapidly.


Message History

You are too injured to fight recklessly!
You slash Pargi!
Pargi is moderately wounded.
Pargi closely misses you. Pargi claws you. Pargi barely misses you.
You barely miss Pargi.
Pargi is moderately wounded.
Pargi bites you. Pargi claws you but does no damage. Pargi claws you.
* * * LOW HITPOINT WARNING * * *
Pargi barely misses you. x2; Pargi claws you but does no damage.
You barely miss Pargi.
Pargi is moderately wounded.
Pargi closely misses you. Pargi claws you but does no damage. x2
You closely miss Pargi.
Pargi is moderately wounded.
Pargi closely misses you. Pargi claws you.
* * * LOW HITPOINT WARNING * * *
Pargi barely misses you.
You barely miss Pargi.
Pargi is lightly wounded.
Pargi bites you but does no damage. Pargi claws you but does no damage. x2
Pargi bites you but does no damage. Pargi closely misses you. x2
You closely miss Pargi.
Pargi is lightly wounded.
Pargi bites you.
* * * LOW HITPOINT WARNING * * *
Pargi barely misses you. Pargi closely misses you.
You barely miss Pargi.
Pargi is lightly wounded.
Pargi hisses menacingly.
Pargi barely misses you. Pargi claws you but does no damage.
Pargi completely misses you.
Throw: 3 throwing nets
Press: ? - help, Q - select action, (/) - cycle Shift-Dir - straight line, f - Pargi
Aim: Pargi (lightly wounded, 51% to hit)
You throw a throwing net. The throwing net barely misses Pargi.
The throwing net hits the endoplasm.
The endoplasm is caught in the net!
The endoplasm struggles against the net.
Pargi bites you.
You die...

##.###.......#
g..>.........#
##)[.....#
#........#
#....$...#
##..J.....#
..........J.#
[.........#T##
.......####@#
### ..<....#
#.####..+
.......#
#.##...
....... #.##.#
... #....#
###†.#
#...(#####
#.#.#....#
#.#.##.###


You could see Pargi and an endoplasm (caught).

Vanquished Creatures
  A gnoll (D:1)
  A dart slug (D:1)
  4 endoplasms
  A giant cockroach (D:3)
  9 goblins
  5 hobgoblins
  2 jackals (D:2)
  A quokka (D:1)
  10 ball pythons
  7 bats
  3 frilled lizards
  5 kobolds
  3 rats
52 creatures vanquished.

Vanquished Creatures (others)
  6 toadstools (D:3)
6 creatures vanquished.

Grand Total: 58 creatures vanquished

Notes
Turn   | Place    | Note
-------+----------+-------------------------------------------
     0 | D:1      | Twinkles the Demonspawn Gladiator began the quest for the
                  | Orb.
     0 | D:1      | Reached XP level 1. HP: 16/16 MP: 1/1
    33 | D:1      | HP: 4/16 [quokka (3)]
   354 | D:1      | Gained mutation: You regenerate magic rapidly. [demonic
                  | ancestry]
   354 | D:1      | Reached XP level 2. HP: 13/22 MP: 2/2
   468 | D:1      | Gained mutation: You regenerate a little health from kills.
                  | [demonic ancestry]
   468 | D:1      | Reached XP level 3. HP: 22/28 MP: 3/3
  1760 | D:3      | Noticed Grinder
  1920 | D:3      | Noticed Pargi
  1933 | D:3      | HP: 8/28 [Pargi (1)]
  1937 | D:3      | HP: 1/28 [Pargi (6)]
  1939 | D:3      | Slain by Pargi

Illustrated notes

Levels and vault maps discovered:
D:1:      kennysheep_arrival_forest, layout_basic
D:2:      layout_rooms, minivault_27
D:3:      cheibrodos_fertilizer, layout_basic, amethyst_overflow_temple_binary,
          uniq_grinder, uniq_pargi, uniq_jessica

Skill      XL: |  1  2 |
---------------+-------+-----
Axes           | 3 |  3.3
Dodging        | 3 |  3.3
Fighting       | |  2.9
Throwing       | |  1.7
Armour         | |  0.1
Translocations | |  0.3

Action                     || total
---------------------------++-------
  Melee: War axe           ||   135
  Throw: Throwing net      ||     1
 Armour: Leather armour    ||    41
         Scale mail        ||    26
  Dodge: Dodged            ||   122

Table legend: (Time is in decaauts)
 A = Elapsed time spent in this place.
 B = Non-inter-level travel time spent in this place.
 C = Inter-level travel time spent in this place.
 D = Time resting spent in this place.
 E = Time spent auto-exploring this place.
 F = Levels seen in this place.
 G = Mean time per level.
                   A        B        C        D        E       F      G
               +--------+--------+--------+--------+--------+-----+--------+
         Total |   1985 |   1890 |     95 |      4 |   1430 |   3 |  661.7 |
       Dungeon |   1985 |   1890 |     95 |      4 |   1430 |   3 |  661.7 |
               +--------+--------+--------+--------+--------+-----+--------+

Top non-repeatable levels by time:
     D:1: 1085 daAuts
     D:2: 721 daAuts
     D:3: 178 daAuts
